TOP OF THE 1ST |
---|
Kenilworth Aces batting - Pitching for Orlando Calrissian : RHP Gerardo García | Pitching: RHP Gerardo García | | Batting: RHB Jorge Jiménez | 0-0: SINGLE (Groundball, 4MD) | Batting: LHB Roy Patrick | 0-0: Ball 1-0: Ball 2-0: SINGLE (Groundball, 6) (infield hit) Jorge Jiménez to second | Batting: LHB Barrett Waters | 0-0: Called Strike 0-1: Called Strike 0-2: Strikes out swinging | Batting: LHB Roberto García | 0-0: Ball Jorge Jiménez is caught stealing 3rd base 1-0: Ball 2-0: Called Strike 2-1: Foul Ball, location: 2F 2-2: Ball 3-2: Base on Balls Roy Patrick to second | Batting: RHB Andrés Lara | 0-0: Ball 1-0: Fly out, F8 (Flyball, 8LXD) | Top of the 1st over - 0 runs, 2 hits, 0 errors, 2 left on base; Kenilworth 0 - Orlando 0 | BOTTOM OF THE 1ST |
---|
Orlando Calrissian batting - Pitching for Kenilworth Aces : RHP Arthur Green | Pitching: RHP Arthur Green | | Batting: LHB Danny Allen | 0-0: Called Strike 0-1: Ball 1-1: Ball 2-1: Foul Ball, location: 2F 2-2: Foul Ball, location: 2F 2-2: Ball 3-2: SOLO HOME RUN (Flyball, 89XD), Distance : 405 ft | Batting: RHB Gabriel Ángel | 0-0: Called Strike 0-1: Swinging Strike 0-2: Foul Ball, location: 2F 0-2: Ball 1-2: Ball 2-2: Ball 3-2: Foul Ball, location: 2F 3-2: Base on Balls | Batting: SHB Tim Abbott | 0-0: Ball 1-0: Fly out, F7 (Flyball, 7LS) | Batting: LHB Juan Colón | 0-0: Ball 1-0: Swinging Strike 1-1: Swinging Strike 1-2: Foul Ball, location: 2F 1-2: Strikes out swinging | Batting: RHB Raúl Canó | 0-0: Ball 1-0: Foul Ball, location: 2F 1-1: Ball 2-1: Ball 3-1: Foul Ball, location: 2F 3-2: Base on Balls Gabriel Ángel to second | Batting: LHB Zack Payton | 0-0: Fly out, F7 (Line Drive, 7D) | Bottom of the 1st over - 1 run, 1 hit, 0 errors, 2 left on base; Kenilworth 0 - Orlando 1 | TOP OF THE 2ND |
---|
Kenilworth Aces batting - Pitching for Orlando Calrissian : RHP Gerardo García | Batting: LHB Jim Jensen | 0-0: Ball 1-0: Swinging Strike 1-1: Foul Ball, location: 2F 1-2: Ground out 6-3 (Groundball, 6) | Batting: RHB Wilbert Rodgers | 0-0: Ball 1-0: Ball 2-0: Fly out, F7 (Flyball, 7S) | Batting: RHB Hollis Wood | 0-0: Swinging Strike 0-1: Ball 1-1: Fly out, F8 (Flyball, 8LS) | Top of the 2nd over - 0 runs, 0 hits, 0 errors, 0 left on base; Kenilworth 0 - Orlando 1 | BOTTOM OF THE 2ND |
---|
Orlando Calrissian batting - Pitching for Kenilworth Aces : RHP Arthur Green | Batting: RHB Júlio Negrón | 0-0: Ball 1-0: SINGLE (Flyball, 9S) | Batting: LHB Craig Kenney | 0-0: Called Strike Júlio Negrón steals 2nd base 0-1: Swinging Strike 0-2: Ball 1-2: Ball 2-2: Ball 3-2: Base on Balls | Batting: RHB Robby Lewis | 0-0: Foul Ball, location: 2F 0-1: Ball 1-1: Grounds into double play, 6-4-3 (Groundball, 6) Júlio Negrón to third | Batting: LHB Danny Allen | 0-0: Ball 1-0: Ball 2-0: Ball 3-0: Called Strike 3-1: Base on Balls | Batting: RHB Gabriel Ángel | 0-0: Ball 1-0: Ball 2-0: Called Strike 2-1: Ball 3-1: Foul Ball, location: 2F 3-2: Base on Balls Danny Allen to second | Batting: SHB Tim Abbott | 0-0: Called Strike 0-1: Swinging Strike 0-2: Ball 1-2: Ball 2-2: Strikes out looking | Bottom of the 2nd over - 0 runs, 1 hit, 0 errors, 3 left on base; Kenilworth 0 - Orlando 1 | TOP OF THE 3RD |
---|
Kenilworth Aces batting - Pitching for Orlando Calrissian : RHP Gerardo García | Batting: RHB Taylor McFarland | 0-0: Fly out, F3 (Line Drive, 34) | Batting: RHB Jorge Jiménez | 0-0: Foul Ball, location: 2F 0-1: Swinging Strike 0-2: Foul Ball, location: 2F 0-2: Ball 1-2: Strikes out looking and he ARGUES THE CALL AND IS TOSSED! | Batting: LHB Roy Patrick | 0-0: Ball 1-0: Foul Ball, location: 2F 1-1: Ball 2-1: Ball 3-1: Base on Balls | Pitching: LHP Xavier Velázquez | | Batting: LHB Barrett Waters | 0-0: Ball 1-0: Ball 2-0: SINGLE (Groundball, 6) (infield hit) Roy Patrick to second | Batting: LHB Roberto García | 0-0: Ball 1-0: Called Strike 1-1: Ball 2-1: Ball 3-1: Base on Balls Roy Patrick to third Barrett Waters to second | Batting: RHB Andrés Lara | 0-0: Fielders Choice at 2nd, 6-4 (Groundball, 6) | Top of the 3rd over - 0 runs, 1 hit, 0 errors, 3 left on base; Kenilworth 0 - Orlando 1 | BOTTOM OF THE 3RD |
---|
Orlando Calrissian batting - Pitching for Kenilworth Aces : RHP Arthur Green | Now at 3B: António Gonzáles | | Batting: LHB Juan Colón | 0-0: Called Strike 0-1: Foul Ball, location: 2F 0-2: Ball 1-2: Foul Ball, location: 2F 1-2: Ball 2-2: Ball 3-2: Strikes out looking | Batting: RHB Raúl Canó | 0-0: Ball 1-0: Ball 2-0: Ground out 4-3 (Groundball, 4M) | Batting: LHB Zack Payton | 0-0: Ball 1-0: Foul Ball, location: 2F 1-1: Ball 2-1: Foul Ball, location: 2F 2-2: Ball 3-2: Base on Balls | Batting: RHB Júlio Negrón | 0-0: Swinging Strike 0-1: Ball 1-1: Ball 2-1: Swinging Strike 2-2: Strikes out swinging | Bottom of the 3rd over - 0 runs, 0 hits, 0 errors, 1 left on base; Kenilworth 0 - Orlando 1 | TOP OF THE 4TH |
---|
Kenilworth Aces batting - Pitching for Orlando Calrissian : LHP Xavier Velázquez | Batting: LHB Jim Jensen | 0-0: Called Strike 0-1: Foul Ball, location: 2F 0-2: Fly out, F7 (Flyball, 7) | Batting: RHB Wilbert Rodgers | 0-0: Foul Ball, location: 2F 0-1: Ball 1-1: Foul Ball, location: 2F 1-2: Ball 2-2: Foul Ball, location: 2F 2-2: Ball 3-2: Foul Ball, location: 2F 3-2: Ground out 5-3 (Groundball, 56S) | Batting: RHB Hollis Wood | 0-0: Ball 1-0: Fly out, F1 (Popup, P) | Top of the 4th over - 0 runs, 0 hits, 0 errors, 0 left on base; Kenilworth 0 - Orlando 1 | BOTTOM OF THE 4TH |
---|
Orlando Calrissian batting - Pitching for Kenilworth Aces : RHP Arthur Green | Batting: LHB Craig Kenney | 0-0: Foul Ball, location: 2F 0-1: SINGLE (Groundball, 34D) | Batting: RHB Robby Lewis | 0-0: Called Strike 0-1: Ball 1-1: Ball Craig Kenney is caught stealing 2nd base 2-1: Called Strike 2-2: Strikes out looking | Batting: LHB Danny Allen | 0-0: Swinging Strike 0-1: Ball 1-1: Ball 2-1: Ball 3-1: Fly out, F9 (Line Drive, 89D) | Bottom of the 4th over - 0 runs, 1 hit, 0 errors, 0 left on base; Kenilworth 0 - Orlando 1 | TOP OF THE 5TH |
---|
Kenilworth Aces batting - Pitching for Orlando Calrissian : LHP Xavier Velázquez | Batting: RHB Taylor McFarland | 0-0: Ball 1-0: Fly out, F9 (Line Drive, 9S) | Batting: RHB António Gonzáles | 0-0: Called Strike 0-1: Called Strike 0-2: Ball 1-2: Ball 2-2: Foul Ball, location: 2F 2-2: Foul Ball, location: 2F 2-2: Ground out 6-3 (Groundball, 6) | Batting: LHB Roy Patrick | 0-0: Called Strike 0-1: Ball 1-1: Foul Ball, location: 2F 1-2: Foul Ball, location: 2F 1-2: SINGLE (Groundball, 5D) | Batting: LHB Barrett Waters | 0-0: Ball Roy Patrick steals 2nd base 1-0: Called Strike 1-1: Ground out 6-3 (Groundball, 6) | Top of the 5th over - 0 runs, 1 hit, 0 errors, 1 left on base; Kenilworth 0 - Orlando 1 | BOTTOM OF THE 5TH |
---|
Orlando Calrissian batting - Pitching for Kenilworth Aces : RHP Arthur Green | Batting: RHB Gabriel Ángel | 0-0: Ball 1-0: Called Strike 1-1: Ball 2-1: Foul Ball, location: 2F 2-2: Ball 3-2: Base on Balls | Pitching: RHP Bartolo García | | Batting: SHB Tim Abbott | 0-0: Swinging Strike 0-1: Foul Ball, location: 2F 0-2: Fly out, F7 (Flyball, 7S) | Batting: LHB Juan Colón | 0-0: Called Strike 0-1: Called Strike 0-2: Strikes out swinging | Batting: RHB Raúl Canó | 0-0: Ball 1-0: Called Strike 1-1: Fielders Choice at 2nd, 6-4 (Groundball, 6) | Bottom of the 5th over - 0 runs, 0 hits, 0 errors, 1 left on base; Kenilworth 0 - Orlando 1 | TOP OF THE 6TH |
---|
Kenilworth Aces batting - Pitching for Orlando Calrissian : LHP Xavier Velázquez | Batting: LHB Roberto García | 0-0: Ball 1-0: Foul Ball, location: 2F 1-1: SINGLE (Flyball, 78S) | Batting: RHB Andrés Lara | 0-0: Called Strike 0-1: Fly out, F3 (Popup, 3SF) | Batting: LHB Jim Jensen | 0-0: Ball 1-0: Reached via error on a dropped throw, E1 Roberto García to second | Batting: RHB Wilbert Rodgers | 0-0: Ball 1-0: Fly out, F7 (Flyball, 78D) | Batting: RHB Hollis Wood | 0-0: Called Strike 0-1: Ball 1-1: Fly out, F3 (Popup, 3) | Top of the 6th over - 0 runs, 1 hit, 1 error, 2 left on base; Kenilworth 0 - Orlando 1 | BOTTOM OF THE 6TH |
---|
Orlando Calrissian batting - Pitching for Kenilworth Aces : RHP Bartolo García | Batting: LHB Zack Payton | 0-0: Called Strike 0-1: SINGLE (Line Drive, 8LS) | Batting: RHB Júlio Negrón | 0-0: Called Strike 0-1: Ball 1-1: Called Strike 1-2: Foul Ball, location: 2F 1-2: Ground out 5-3 (Groundball, 56S) Zack Payton to second | Batting: LHB Craig Kenney | 0-0: Intentional Walk | Batting: RHB Robby Lewis | 0-0: Fly out, F8 (Flyball, 8RS) | Batting: LHB Danny Allen | 0-0: Ball 1-0: SINGLE (Line Drive, 89S) Zack Payton to third Craig Kenney to second | Batting: RHB Gabriel Ángel | 0-0: Ball 1-0: Ball 2-0: Ball 3-0: Base on Balls Zack Payton scores Craig Kenney to third Danny Allen to second | Batting: SHB Tim Abbott | 0-0: Called Strike 0-1: Ball 1-1: SINGLE (Groundball, 34S) (infield hit) Craig Kenney scores Danny Allen to third Gabriel Ángel to second | Batting: LHB Juan Colón | 0-0: Ground out 5-3 (Groundball, 56S) | Bottom of the 6th over - 2 runs, 3 hits, 0 errors, 3 left on base; Kenilworth 0 - Orlando 3 | TOP OF THE 7TH |
---|
Kenilworth Aces batting - Pitching for Orlando Calrissian : LHP Xavier Velázquez | Pitching: LHP Richard Dorris | | Batting: RHB Taylor McFarland | 0-0: Foul Ball, location: 2F 0-1: Ball 1-1: Ball 2-1: Ball 3-1: SOLO HOME RUN (Flyball, 7LD), Distance : 345 ft | Batting: RHB António Gonzáles | 0-0: Ball 1-0: Called Strike 1-1: Foul Ball, location: 2F 1-2: Ball 2-2: Foul Ball, location: 2F 2-2: Ball 3-2: SINGLE (Groundball, 56D) | Batting: LHB Roy Patrick | 0-0: Ball 1-0: Ball 2-0: Ball 3-0: Swinging Strike 3-1: Called Strike 3-2: Base on Balls António Gonzáles to second | Batting: LHB Barrett Waters | 0-0: Fielders Choice at 2nd, 4-6 (Groundball, 4M) António Gonzáles to third | Batting: LHB Roberto García | 0-0: Ball 1-0: Foul Ball, location: 2F 1-1: Ball 2-1: Ground out 3-1 (Groundball, 34S) Barrett Waters to second | Batting: RHB Andrés Lara | 0-0: Ball 1-0: Swinging Strike 1-1: Foul Ball, location: 2F 1-2: Ball 2-2: Fly out, F2 (Popup, 25F) | Top of the 7th over - 1 run, 2 hits, 0 errors, 2 left on base; Kenilworth 1 - Orlando 3 | BOTTOM OF THE 7TH |
---|
Orlando Calrissian batting - Pitching for Kenilworth Aces : RHP Bartolo García | Batting: RHB Raúl Canó | 0-0: Called Strike 0-1: Called Strike 0-2: Ball 1-2: Ground out 4-3 (Groundball, 4) | Batting: LHB Zack Payton | 0-0: Foul Ball, location: 2F 0-1: Called Strike 0-2: Foul Ball, location: 2F 0-2: Ball 1-2: SOLO HOME RUN (Flyball, 89XD), Distance : 406 ft | Pitching: RHP Pablo Cabral | | Batting: RHB Júlio Negrón | 0-0: Ball 1-0: Fly out, F7 (Flyball, 7D) | Batting: LHB Craig Kenney | 0-0: Ball 1-0: Called Strike 1-1: DOUBLE (Line Drive, 8RXD) | Batting: RHB Robby Lewis | 0-0: Ball 1-0: Ball 2-0: Called Strike 2-1: Ball 3-1: Foul Ball, location: 2F 3-2: Foul Ball, location: 2F 3-2: Strikes out swinging | Bottom of the 7th over - 1 run, 2 hits, 0 errors, 1 left on base; Kenilworth 1 - Orlando 4 | TOP OF THE 8TH |
---|
Kenilworth Aces batting - Pitching for Orlando Calrissian : LHP Richard Dorris | Batting: LHB Jim Jensen | 0-0: Fly out, F2 (Popup, 2RF) | Batting: RHB Wilbert Rodgers | 0-0: Ground out 6-3 (Groundball, 6M) | Batting: RHB Hollis Wood | 0-0: Ball 1-0: Ball 2-0: Foul Ball, location: 2F 2-1: SINGLE (Groundball, 56D) | Batting: RHB Taylor McFarland | 0-0: Called Strike 0-1: Ball 1-1: Foul Ball, location: 2F 1-2: Ball 2-2: Ball 3-2: SINGLE (Line Drive, 78S) Hollis Wood to second Hollis Wood to third | Batting: RHB António Gonzáles | 0-0: Ball 1-0: Ball 2-0: SINGLE (Line Drive, 78S) Hollis Wood scores Taylor McFarland to second Runner from 2nd tries for 3rd, SAFE, no throw | Batting: LHB Roy Patrick | 0-0: Ball 1-0: Ball 2-0: Ball 3-0: Base on Balls António Gonzáles to second | Batting: LHB Barrett Waters | 0-0: Ball 1-0: Ball 2-0: Fly out, F5 (Popup, 5F) | Top of the 8th over - 1 run, 3 hits, 0 errors, 3 left on base; Kenilworth 2 - Orlando 4 | BOTTOM OF THE 8TH |
---|
Orlando Calrissian batting - Pitching for Kenilworth Aces : RHP Pablo Cabral | Batting: LHB Danny Allen | 0-0: Foul Ball, location: 2F 0-1: Foul Ball, location: 2F 0-2: Foul Ball, location: 2F 0-2: Ball 1-2: Foul Ball, location: 2F 1-2: Ball 2-2: DOUBLE (Line Drive, 5D) | Batting: RHB Gabriel Ángel | 0-0: Ball 1-0: Ball 2-0: Foul Ball, location: 2F 2-1: Called Strike 2-2: Strikes out looking | Batting: SHB Tim Abbott | 0-0: Intentional Walk | Batting: LHB Juan Colón | 0-0: Swinging Strike 0-1: Ball 1-1: Foul Ball, location: 2F 1-2: Foul Ball, location: 2F 1-2: Foul Ball, location: 2F 1-2: Strikes out swinging | Batting: RHB Raúl Canó | 0-0: Ball 1-0: Ball 2-0: Called Strike 2-1: Ball 3-1: Foul Ball, location: 2F 3-2: Foul Ball, location: 2F 3-2: Strikes out swinging | Bottom of the 8th over - 0 runs, 1 hit, 0 errors, 2 left on base; Kenilworth 2 - Orlando 4 | TOP OF THE 9TH |
---|
Kenilworth Aces batting - Pitching for Orlando Calrissian : LHP Richard Dorris | Pitching: RHP Dave Heath | | Batting: LHB Roberto García | 0-0: Called Strike 0-1: Called Strike 0-2: Ball 1-2: Ball 2-2: Ground out 5-3 (Groundball, 56) | Batting: RHB Andrés Lara | 0-0: Called Strike 0-1: Ball 1-1: Ball 2-1: Foul Ball, location: 2F 2-2: Ball 3-2: Foul Ball, location: 2F 3-2: Foul Ball, location: 2F 3-2: Fly out, F7 (Flyball, 7S) | Batting: LHB Jim Jensen | 0-0: Ball 1-0: Ground out 6-3 (Groundball, 56) | Top of the 9th over - 0 runs, 0 hits, 0 errors, 0 left on base; Kenilworth 2 - Orlando 4 | |